 Dungeon Crawl Stone Soup version 0.32-a0-871-ge202e49faa (webtiles) character file.

Game seed: 11064682832710993192

4066 RhoxWarMonk the Summoner (level 10, 0/63 HPs)
             Began as a Vampire Summoner on Mar 29, 2024.
             Killed from afar by a steam dragon (21 damage)
             ... with a ball of steam
             ... on level 7 of the Dungeon.
             The game lasted 00:13:21 (6925 turns).

RhoxWarMonk the Summoner (Vampire Summoner)         Turns: 6925, Time: 00:13:21

Health: 0/63       AC:  5    Str: 13    XL:     10   Next: 5%
Magic:  11/22      EV: 11    Int: 27    God:
Gold:   411        SH:  5    Dex: 16    Spells: 15/25 levels left

rFire   . . .        l - +0 rapier
rCold   . . .        (no shield)
rNeg    . . .        a - +0 robe
rPois   .            v - +0 helmet
rElec   .            o - +0 cloak
rCorr   .            (no gloves)
SInv    +            x - +0 pair of boots
Will    +....        u - amulet of reflection
Stlth   ++           I - +6 ring of intelligence
HPRegen 0.50/turn    S - +6 ring of strength
MPRegen 0.18/turn

%: reflection
@: healing quickly, inugami summoned
A: alive, fangs 3, see invisible, vampiric 2
a: Exsanguinate


You were on level 7 of the Dungeon.
You visited 1 branch of the dungeon, and saw 9 of its levels.
You also visited: Ossuary.

You collected 411 gold pieces.

Inventory:

Hand Weapons
 l - a +0 rapier (weapon)
Missiles
 F - a throwing net {=f!f}
Armour
 a - a +0 robe (worn)
 o - a +0 cloak (worn)
 v - a +0 helmet (worn)
 x - a +0 pair of boots (worn)
Jewellery
 u - an amulet of reflection (around neck)
 E - the amulet "Ajidiag" {RegenMP+ Int+2}
   (You found it on level 6 of the Dungeon)

   [amulet of magic regeneration]

   It increases your rate of magic regeneration.
   Int+2:     It affects your intelligence (+2).
   RegenMP+:  It increases your rate of magic regeneration.
 I - a +6 ring of intelligence (left hand)
 S - a +6 ring of strength (right hand)
Wands
 m - a wand of mindburst (6)
 q - a wand of polymorph (17)
 y - a wand of roots (2)
 A - a wand of flame (50)
 G - a wand of quicksilver (6)
 J - a wand of digging (6)
Scrolls
 c - 6 scrolls of identify {unknown}
 d - 4 scrolls of fear {unknown}
 f - 5 scrolls of teleportation {unknown}
 i - a scroll of noise {unknown}
 k - a scroll of enchant weapon {unknown}
 p - a scroll of revelation {unknown}
 t - a scroll of amnesia {unknown}
 z - a scroll of enchant armour {unknown}
 B - a scroll of poison {unknown}
Potions
 b - a potion of magic
 e - a potion of mutation {unknown}
 g - 3 potions of curing {unknown}
 h - 2 potions of might {unknown}
 j - 3 potions of brilliance {unknown}
 n - 3 potions of haste {unknown}
 r - 2 potions of ambrosia {unknown}
 s - 2 potions of heal wounds {unknown}
 w - a potion of invisibility {unknown}
 C - a potion of degeneration {unknown}
 D - 2 potions of lignification {unknown}
 H - a potion of enlightenment {unknown}


   Skills:
 - Level 2.1 Dodging
 - Level 3.0 Stealth
 + Level 8.1 Spellcasting
 + Level 9.5 Summonings
 - Level 5.0 Translocations
 - Level 5.0 Air Magic


You had 15 spell levels left.
You knew the following spells:

 Your Spells              Type           Power      Damage    Failure   Level
b - Blink                 Tloc           76%        N/A       1%          2
c - Call Canine Familiar  Summ           58%        N/A       1%          3
l - Summon Lightning Spi  Summ/Air       50%        N/A       2%          4
s - Summon Small Mammal   Summ           100%       N/A       1%          1

Your spell library contained the following spells:

 Spells                   Type           Power      Damage    Failure   Level
 Call Imp                 Summ           100%       N/A       1%          2
 Lesser Beckoning         Tloc           76%        N/A       1%          2
 Momentum Strike          Conj/Tloc      48%        3d9       2%          2
 Summon Blazeheart Golem  Fire/Summ      36%        N/A       8%          4
 Leda's Liquefaction      Alch/Erth      5%         N/A       45%         4
 Lee's Rapid Deconstruct  Erth           5%         3d6*      82%         5
 Permafrost Eruption      Ice/Erth       5%         2x4d3     100%        6


Dungeon Overview and Level Annotations

Branches:
Dungeon (9/15)            Ossuary (visited)
 Temple: D:4-7         Lair: D:8-11         Orc: D:9-12

Altars:
Okawaru
Vehumet
Xom
Yredelemnul

Annotations:
D:9 1 runed translucent door


Innate Abilities, Weirdness & Mutations

Your natural rate of healing is accelerated.
You have razor-sharp teeth.
You have supernaturally acute eyesight. (SInv)
You are afflicted with vampirism and can become a bat while bloodless.


Message History

You hear a shout!
You hear a bellow!
The gnoll hits your lightning spire but does no damage.
The sky beast escapes!
The orc completely misses your lightning spire.
The gnoll sergeant escapes!
Unknown command.
The grasping roots constrict the gnoll.
The gnoll escapes!
The orc hits your lightning spire but does no damage.
Your inugami hits the orc!
The orc dies!
The gnoll sergeant hits your lightning spire with a +0 trident.
Aiming: Fastroot
Press: ? - help, Q - select action, (/) - cycle Shift-Dir - straight line The roots erupt in riotous growth!
Your lightning spire is unaffected.
Roots grab the gnoll.
Roots grab the sky beast.
Roots grab the gnoll sergeant.
The grasping roots constrict the gnoll.
You kill the gnoll!
The grasping roots constrict the sky beast.
The grasping roots constrict the gnoll sergeant!
You hear a shout! x2
The sky beast misses you.
The gnoll sergeant hits your lightning spire but does no damage.
Unknown command.
The grasping roots constrict the sky beast.
The grasping roots constrict the gnoll sergeant.
Your inugami hits the gnoll sergeant.
A steam dragon comes into view.
The sky beast struggles to escape constriction.
The gnoll sergeant hits your lightning spire but does no damage.
Your lightning spire shoots out a bolt of lightning at the gnoll sergeant!
The bolt of electricity hits the gnoll sergeant!
The gnoll sergeant dies!
The grasping roots constrict the sky beast!
The sky beast struggles to escape constriction.
Aiming: Mindburst
Press: ? - help, Q - select action, (/) - cycle Shift-Dir - straight line, f - steam dragon
Aim: a steam dragon (ally target, chance to affect: 64%)
The steam dragon struggles to resist.
The grasping roots constrict the sky beast!
You kill the sky beast!
Your life force feels restored.
Aiming: Fastroot
Press: ? - help, Q - select action, (/) - cycle Shift-Dir - straight line, p - steam dragon The roots erupt in riotous growth!
Roots grab the steam dragon.
The grasping roots constrict the steam dragon!
The steam dragon breathes steam at you. The ball of steam hits you!!
You die...

..!......§§..........
..$........).......#
...................#
..........D........#
.........§h........#
.........§.).......#
........§)I........#
........§..........#
.......@...........#
...................#
##.....###.....#####
.....#. #.....#
.#####. #.....# #.
#.....# #+ #.....#
......# ..#####


You could see a friendly lightning spire (summoned) and a friendly inugami
(summoned).

Vanquished Creatures
  A hornet (D:8)
  Grinder (D:4)
  Duvessa (D:6)
  A sky beast (D:7)
  A scorpion (D:6)
  4 wights (D:8)
  Dowan (D:6)
  3 killer bees (D:9)
  A centaur zombie (Ossuary)
  A hound (D:4)
  A human zombie (D:4)
  An iguana (D:4)
  A scorpion zombie (D:4)
  Natasha (D:3)
  2 hound zombies (D:4)
  A mummy (D:4)
  2 adders
  2 gnolls (D:7)
  A white imp (D:6)
  An adder zombie (D:4)
  A dart slug (D:3)
  A ribbon worm (D:3)
  4 orcs
  2 endoplasms
  A giant cockroach (D:2)
  3 goblins
  2 hobgoblins (D:4)
  4 jackals (D:3)
  2 quokkas
  3 ball pythons (D:1)
  A bat (D:1)
  A frilled lizard (D:3)
  4 kobolds
  2 rats (D:1)
59 creatures vanquished.

Vanquished Creatures (collateral kills)
  Pikel (D:5)
  Edmund (D:5)
  A steam dragon (D:7)
  A sky beast (D:6)
  An ice beast (D:5)
  4 ogres
  A lemure (D:5)
  2 phantoms
  2 weeping skulls (D:4)
  A kobold brigand (D:6)
  A gnoll sergeant (D:7)
  2 scorpions (D:4)
  4 wights
  2 killer bees (D:9)
  A howler monkey (D:6)
  A bombardier beetle (D:6)
  A centaur zombie (D:4)
  2 hounds
  A jelly (D:5)
  5 orc priests
  2 iguanas (D:4)
  2 orc wizards (D:2)
  A sleepcap (D:5)
  Natasha (twice) (D:3)
  3 crocodile zombies (Ossuary)
  2 mummies (Ossuary)
  A howler monkey zombie (D:4)
  2 gnolls (D:7)
  3 adders
  2 dart slugs
  A ribbon worm (D:2)
  15 orcs
  3 ball pythons
  A bat (D:2)
  2 endoplasms
  A giant cockroach (D:1)
  2 gnoll zombies (Ossuary)
  3 goblins
  5 hobgoblins
  4 jackals (D:5)
  3 quokkas
  A frilled lizard (D:1)
  2 kobolds (D:1)
  A kobold zombie (Ossuary)
  3 rats
102 creatures vanquished.

Grand Total: 161 creatures vanquished

Notes
Turn   | Place    | Note
-------+----------+-------------------------------------------
     0 | D:1      | RhoxWarMonk the Vampire Summoner began the quest for the
                  | Orb.
     0 | D:1      | Reached XP level 1. HP: 13/13 MP: 3/3
   278 | D:1      | Reached XP level 2. HP: 19/19 MP: 1/5
  1291 | D:2      | Gained mutation: You are afflicted with vampirism and can
                  | become a bat while bloodless. [Vampire growth]
  1291 | D:2      | Reached XP level 3. HP: 23/24 MP: 0/7
  1566 | D:2      | Reached skill level 3 in Spellcasting
  1681 | D:1      | Learned a level 3 spell: Call Canine Familiar
  1741 | D:2      | Reached skill level 5 in Summonings
  1741 | D:2      | Reached XP level 4. HP: 30/30 MP: 4/8
  1874 | D:2      | Reached XP level 5. HP: 8/35 MP: 4/10
  2066 | D:2      | Learned a level 4 spell: Summon Lightning Spire
  2068 | D:3      | Found an iron altar of Okawaru.
  2078 | D:3      | Noticed an ogre
  2084 | D:3      | Killed an ogre
  2085 | D:3      | Reached skill level 1 in Air Magic
  2333 | D:3      | Found a faded altar of an unknown god.
  2452 | D:3      | Noticed Natasha
  2465 | D:3      | Killed Natasha
  2468 | D:3      | Reached XP level 6. HP: 30/41 MP: 3/12
  2571 | D:3      | Noticed Natasha
  2586 | D:3      | Killed Natasha
  2863 | D:3      | Found a shimmering altar of Xom.
  2882 | D:3      | Noticed Natasha
  2899 | D:3      | Killed Natasha
  3107 | D:4      | Reached skill level 3 in Air Magic
  3333 | D:4      | Reached skill level 6 in Summonings
  3431 | D:4      | Reached XP level 7. HP: 37/46 MP: 7/13
  3565 | D:4      | Found a sand-covered staircase.
  3570 | Ossuary  | Entered an ossuary
  3883 | D:4      | Noticed Grinder
  3906 | D:4      | Killed Grinder
  3907 | D:4      | Reached XP level 8. HP: 52/52 MP: 4/15
  4287 | D:4      | Reached skill level 7 in Summonings
  4307 | D:4      | Found a basalt altar of Yredelemnul.
  4483 | D:4      | Reached skill level 6 in Spellcasting
  4670 | D:4      | Learned a level 2 spell: Blink
  4684 | D:5      | Entered Level 5 of the Dungeon
  4698 | D:5      | Noticed Pikel
  4709 | D:5      | Noticed Edmund
  4715 | D:5      | Killed Pikel
  4850 | D:5      | Reached skill level 8 in Summonings
  4929 | D:5      | Killed Edmund
  4930 | D:5      | Reached skill level 3 in Translocations
  4930 | D:5      | Reached XP level 9. HP: 57/57 MP: 8/19
  5983 | D:6      | Identified the amulet "Ajidiag" {RegenMP+ Int+2}
  5994 | D:6      | Found a radiant altar of Vehumet.
  6220 | D:6      | Noticed Duvessa
  6225 | D:6      | Noticed Dowan
  6231 | D:6      | Killed Duvessa
  6233 | D:6      | Killed Dowan
  6484 | D:6      | You fall into a shaft and drop 3 floors!
  6619 | D:9      | Found a runed translucent gate.
  6619 | D:9      | Noticed a freezing wraith
  6644 | D:8      | Reached skill level 9 in Summonings
  6908 | D:7      | Reached XP level 10. HP: 48/61 MP: 13/22
  6925 | D:7      | Killed from afar by a steam dragon

Illustrated notes

Levels and vault maps discovered:
D:1:      nagdon_arrival_zigzag_paths, layout_basic, minmay_misc_feat_pillars
D:2:      layout_rooms, minmay_pentomino_o2
D:3:      layout_basic, okawaru_trees_1, nicolae_overflow_ecumenical_swirl,
          overflow_temple_1_default, uniq_natasha
D:4:      layout_rooms, lemuel_mausoleum_altar_yredelemnul,
          nicolae_ossuary_entry_false_entrances, uniq_grinder
D:5:      layout_cave_pools, patterned_corridor, uniq_pikel, uniq_edmund
D:6:      layout_basic, mainiacjoe_overflow_cross_hatched,
          minmay_temple_entry_glassed_door, uniq_duvessa
D:7:      layout_basic, general_overflow_altar, enter_bailey_8,
          minmay_crystal_room, uniq_crazy_yiuf_cottage, uniq_joseph
D:8:      layout_gridville, mainiacjoe_overflow_catwalk, lair_entry_dummy
D:9:      layout_irregular_city, orc_0_dummy, ebering_ghost_gozag,
          nicolae_fountain_basement, uniq_grum

Skill      XL: |  1  2  3  4  5  6  7  8  9 |
---------------+----------------------------+-----
Spellcasting   | 3 4 5 6 8 |  8.1
Summonings     | 5 6 8 9 |  9.5
Air Magic      | 2 3 5 |  5.0
Translocations | 3 5 |  5.0
Dodging        | |  2.1
Stealth        | |  3.0

Action                     |  1- 3 |  4- 6 |  7- 9 | 10-12 || total
---------------------------+-------+-------+-------+-------++-------
  Melee: Unarmed           |    95 |    18 |    12 |       ||   125
         Bite              |     7 |     7 |    24 |       ||    38
         Punch             |     1 |       |       |       ||     1
         Rapier            |       |    63 |   145 |       ||   208
   Cast: Summon Small Mamm |    63 |    22 |    21 |     1 ||   107
         Call Canine Famil |     1 |    18 |    30 |       ||    49
         Summon Lightning  |       |     1 |    29 |     1 ||    31
  Evoke: Wand              |       |       |     4 |     4 ||     8
   Stab: Sleeping          |     1 |     3 |     1 |       ||     5
         Distracted        |       |     1 |     6 |       ||     7
 Armour: Robe              |    63 |    47 |   108 |     5 ||   223
         Skin              |       |     6 |     4 |       ||    10
  Dodge: Dodged            |    77 |    44 |   102 |     5 ||   228
  Block: Other             |       |       |    18 |     1 ||    19
         Reflection        |       |       |     2 |       ||     2

Table legend: (Time is in decaauts)
 A = Elapsed time spent in this place.
 B = Non-inter-level travel time spent in this place.
 C = Inter-level travel time spent in this place.
 D = Time resting spent in this place.
 E = Time spent auto-exploring this place.
 F = Levels seen in this place.
 G = Mean time per level.
                   A        B        C        D        E       F      G
               +--------+--------+--------+--------+--------+-----+--------+
         Total |   6961 |   6586 |    375 |    651 |   4545 |  10 |  696.1 |
       Dungeon |   6695 |   6320 |    375 |    581 |   4437 |   9 |  743.9 |
       Ossuary |    265 |    265 |      0 |     70 |    108 |   1 |  265.0 |
               +--------+--------+--------+--------+--------+-----+--------+

Top non-repeatable levels by time:
     D:4: 1525 daAuts
     D:1: 1215 daAuts
     D:5: 987 daAuts
     D:3: 955 daAuts
     D:2: 851 daAuts
     D:6: 716 daAuts
 Ossuary: 265 daAuts
     D:8: 247 daAuts
     D:9: 150 daAuts
     D:7: 44 daAuts
